 Dungeon Crawl Stone Soup version 0.31.0-12-g77e489cdc1 (webtiles) character file.

Game seed: 18264702708333236277

165 dirge the Sneak (level 5, -1/24 HPs)
             Began as a Spriggan Enchanter on Feb 27, 2024.
             Killed from afar by Natasha (10 damage)
             ... with a magic dart
             ... on level 3 of the Dungeon on Feb 28, 2024.
             The game lasted 00:10:06 (2947 turns).

dirge the Sneak (Spriggan Enchanter)                Turns: 2947, Time: 00:10:08

Health: -1/24      AC:  4    Str:  4    XL:     5   Next: 21%
Magic:  3/11       EV: 18    Int: 18    God:
Gold:   95         SH:  0    Dex: 16    Spells: 8/10 levels left

rFire   + . .        a - +1 dagger (speed)
rCold   + + .        (no shield)
rNeg    . . .        t - +2 robe of the Stone Wall {+Inv rC+ Regen+}
rPois   .            (helmet restricted)
rElec   .            r - scarf {rC+ rF+}
rCorr   .            (gloves unavailable)
SInv    +            (boots unavailable)
Will    .....        (no amulet)
Stlth   +++          (no ring)
HPRegen 1.04/turn    (no ring)
MPRegen 0.12/turn

%: no passive effects
@: very quick
A: very small, no large weapons, unfitting armour, see invisible, speed 3
a: Evoke Invisibility


You were on level 3 of the Dungeon.
You visited 1 branch of the dungeon, and saw 4 of its levels.

You collected 95 gold pieces.

Inventory:

Hand Weapons
 a - a +1 dagger of speed (weapon)
 b - a +0 sling
Missiles
 h - 3 boomerangs (quivered)
 j - 15 stones
 y - 2 poisoned darts
Armour
 r - a scarf of resistance (worn)
 t - the +2 robe of the Stone Wall (worn) {+Inv rC+ Regen+}
   (You found it on level 2 of the Dungeon)

   rC+:       It protects you from cold.
   +Inv:      It lets you turn invisible.
   Regen+:    It increases your rate of health regeneration.
Magical Staves
 w - a staff of cold
Wands
 v - a wand of flame (3)
Scrolls
 e - a scroll of fear {unknown}
 f - 2 scrolls of identify {unknown}
 g - a scroll of torment {unknown}
 i - 2 scrolls of noise {unknown}
 k - a scroll of teleportation {unknown}
 m - 2 scrolls of vulnerability {unknown}
 n - a scroll of acquirement {unknown}
 o - a scroll of poison {unknown}
 s - a scroll of amnesia {unknown}
 u - a scroll of enchant weapon {unknown}
 x - a scroll of revelation {unknown}
 z - a scroll of enchant armour {unknown}
 A - a scroll of butterflies {unknown}
Potions
 c - 2 potions of invisibility
 d - a potion of attraction {unknown}
 l - 2 potions of degeneration {unknown}
 p - a potion of curing {unknown}
 q - 2 potions of lignification {unknown}


   Skills:
 * Level 2.4 Short Blades
 + Level 1.1 Ranged Weapons
 + Level 3.5 Dodging
 + Level 5.5 Stealth
 + Level 3.3 Spellcasting
 * Level 4.7 Hexes
 + Level 0.3 Ice Magic
 + Level 1.3 Evocations


You had 8 spell levels left.
You knew the following spells:

 Your Spells              Type           Power      Damage    Failure   Level
a - Ensorcelled Hibernat  Hex/Ice        24%        N/A       9%          2

Your spell library contained the following spells:

 Spells                   Type           Power      Damage    Failure   Level
 Confusing Touch          Hex            20%        N/A       7%          3
 Tukima's Dance           Hex            20%        N/A       7%          3
 Magic Dart               Conj           12%        1d3       16%         1
 Dazzling Flash           Conj/Hex       22%        N/A       19%         3
 Searing Ray              Conj           6%         2d4       24%         2
 Fulminant Prism          Conj/Alch      1%         3d5       83%         4


Dungeon Overview and Level Annotations

Branches:
Dungeon (4/15)
 Temple: D:4-7

Altars:
Dithmenos
Uskayaw

Shops:
D:3 (=!

Annotations:
D:3 Natasha


Innate Abilities, Weirdness & Mutations

You are very small and have problems with some larger weapons.
You are too small for most types of armour.
You have supernaturally acute eyesight. (SInv)
You cover ground extremely quickly. (Speed+++)


Message History

You kill the dart slug!
You see here a dart slug corpse.
Natasha and a giant cockroach come into view.
Your hands tingle!
a - a +1 dagger of speed (weapon)
The helpless giant cockroach fails to defend itself.
You impale the giant cockroach!!
You kill the giant cockroach!
An adder comes into view.
Natasha hisses angrily.
Casting: Ensorcelled Hibernation (safe; 9% risk of failure)
Confirm with . or Enter, or press ? or * to list all spells.
Aiming: Ensorcelled Hibernation (safe; 9% risk of failure)
Press: ? - help, Shift-Dir - straight line, f - Natasha
Aim: Natasha (chance to affect: 46%) Natasha resists with some effort.
Natasha stares at you and mumbles some strange words.
The magic dart hits you!
Casting: Ensorcelled Hibernation (safe; 9% risk of failure)
Confirm with . or Enter, or press ? or * to list all spells.
Aiming: Ensorcelled Hibernation (safe; 9% risk of failure)
Press: ? - help, Shift-Dir - straight line, f/p - Natasha
Aim: Natasha (chance to affect: 46%) Natasha resists with some effort.
Natasha claws you!
Casting: Ensorcelled Hibernation (safe; 9% risk of failure)
Confirm with . or Enter, or press ? or * to list all spells.
Aiming: Ensorcelled Hibernation (safe; 9% risk of failure)
Press: ? - help, Shift-Dir - straight line, f/p - Natasha
Aim: Natasha (chance to affect: 46%) Natasha resists with some effort.
Natasha claws you.
Casting: Ensorcelled Hibernation (safe; 9% risk of failure)
Confirm with . or Enter, or press ? or * to list all spells.
Aiming: Ensorcelled Hibernation (safe; 9% risk of failure)
Press: ? - help, Shift-Dir - straight line, f/p - Natasha
Aim: Natasha (chance to affect: 46%) Natasha resists with some effort.
Natasha casts a spell at you. The magic dart hits you!
You die...
Natasha curls up and begins to purr.

##.###### ####.#
#.# #....####
#.# #.#......
#.# #.#.#####
#.# #.#.# #.#
#.#)# #.# #.#.#
#.##########....
#..@hS.........#
########### ####


You could see Natasha and an adder.

Vanquished Creatures
  Natasha (twice) (D:3)
  2 adders (D:2)
  3 dart slugs
  A ribbon worm (D:3)
  9 orcs (D:3)
  5 bats
  2 endoplasms
  4 giant cockroaches
  6 goblins
  6 hobgoblins
  12 jackals
  4 kobolds
  A quokka (D:2)
  7 ball pythons
  3 frilled lizards
  4 rats
71 creatures vanquished.

Notes
Turn   | Place    | Note
-------+----------+-------------------------------------------
     0 | D:1      | dirge the Spriggan Enchanter began the quest for the Orb.
     0 | D:1      | Reached XP level 1. HP: 9/9 MP: 5/5
   278 | D:1      | Reached XP level 2. HP: 13/13 MP: 6/6
   778 | D:2      | Learned a level 2 spell: Ensorcelled Hibernation
   868 | D:2      | Identified the +2 robe of the Stone Wall {+Inv rC+ Regen+}
   910 | D:2      | Reached XP level 3. HP: 16/16 MP: 5/8
  1021 | D:2      | Found a hide-covered altar of Uskayaw.
  1299 | D:2      | Reached skill level 5 in Stealth
  1814 | D:3      | Reached XP level 4. HP: 20/21 MP: 0/9
  1890 | D:3      | Found Enunk's Distillery.
  2173 | D:3      | Reached skill level 1 in Ranged Weapons
  2266 | D:3      | Noticed Natasha
  2359 | D:3      | Found Xekhyez's Weapon Shoppe.
  2480 | D:3      | Killed Natasha
  2481 | D:3      | Reached skill level 1 in Evocations
  2539 | D:3      | Found Hiasumna's Jewellery Boutique.
  2551 | D:3      | Found a shadowy altar of Dithmenos.
  2612 | D:3      | Noticed Natasha
  2618 | D:3      | Killed Natasha
  2619 | D:3      | Reached XP level 5. HP: 24/24 MP: 3/11
  2931 | D:3      | Noticed Natasha
  2947 | D:3      | Killed from afar by Natasha

Illustrated notes

Levels and vault maps discovered:
D:1:      reono_arrival_mine, layout_basic
D:2:      layout_basic, basic_altar, minmay_cut_off
D:3:      layout_loops_ring, nicolae_overflow_hidden_temple, serial_shops,
          nicolae_shop_real_fake_doors, nicolae_shop_stone, shop, shop, shop,
          uniq_natasha
D:4:      layout_cave_pods, nicolae_ashenzari_skybound,
          serial_library_regret_index_multi, nicolae_shop_dragon_depot

Skill      XL: |  1  2  3  4 |
---------------+-------------+-----
Dodging        | 3 |  3.5
Spellcasting   | 3 |  3.3
Hexes          | 4 |  4.7
Stealth        | 5 |  5.5
Short Blades   | 2 |  2.4
Ranged Weapons | 1 |  1.1
Evocations     | 1 |  1.3
Ice Magic      | |  0.3

Action                     |  1- 3 |  4- 6 || total
---------------------------+-------+-------++-------
  Melee: Dagger            |   100 |    66 ||   166
         Punch             |     1 |     1 ||     2
   Fire: Sling             |    29 |    17 ||    46
   Cast: Ensorcelled Hiber |    16 |    33 ||    49
Ability: Evoke Invisibilit |       |     1 ||     1
   Stab: Sleeping          |    18 |    21 ||    39
         Invisible         |       |     1 ||     1
 Armour: Robe              |    31 |    36 ||    67
  Dodge: Dodged            |    93 |    52 ||   145
